 Dungeon Crawl Stone Soup version 0.24-a0-291-g79c1ce7 (webtiles) character file.

Game seed: 2549544908811446488

179 Mgcat the Skirmisher (level 5, -1/42 HPs)
             Began as a Mummy Monk on May 9, 2019.
             Slain by an orc
             ... wielding a +0 flail
              (4 damage)
             ... on level 3 of the Dungeon.
             The game lasted 00:07:58 (4082 turns).

Mgcat the Skirmisher (Mummy Monk)                   Turns: 4082, Time: 00:07:58

Health: -1/42      AC:  5    Str: 14    XL:     5   Next: 32%
Magic:  5/5        EV: 13    Int: 10    God:
Gold:   138        SH:  0    Dex: 15    Spells: 4/4 levels left

rFire    x . .     SeeInvis .     - Unarmed
rCold    + . .     Gourm    .   (no shield)
rNeg     + + +     Faith    .   (no armour)
rPois    ∞         Spirit   .   (no helmet)
rElec    .         Reflect  .   d - +1 cloak
rCorr    .         Harm     .   (no gloves)
MR       +....                  a - +2 pair of boots
Stlth    ++........             (no amulet)
HPRegen  0.14/turn              b - ring of protection from magic {MR+, !d}
MPRegen  0.09/turn              (no ring)

@: no status effects
A: no food or potions, fire vulnerability, cold resistance 1, negative energy
resistance 3, torment resistance, unbreathing
a: no special abilities


You were on level 3 of the Dungeon.
You were not hungry.

You visited 1 branch of the dungeon, and saw 3 of its levels.

You collected 138 gold pieces.

Inventory:

Armour
 a - a +2 pair of boots (worn)
   (You found it on level 2 of the Dungeon)
 d - a +1 cloak (worn)
   (You found it on level 1 of the Dungeon)
Jewellery
 b - a ring of protection from magic (left hand) {MR+, !d}
   (You found it on level 3 of the Dungeon)
Scrolls
 c - 2 scrolls of immolation {!r}
 f - 2 scrolls of blinking {!r}
 g - a scroll of remove curse


   Skills:
 + Level 4.3 Fighting
 - Level 2.4 Dodging
 - Level 3.0 Stealth
 + Level 3.5 Unarmed Combat


You had 4 spell levels left.
You didn't know any spells.
Your spell library was empty.

Dungeon Overview and Level Annotations

Branches:
Dungeon (3/15)

Altars:
Wu Jian

Annotations:
D:3 1 runed translucent door, Crazy Yiuf, Grinder


Innate Abilities, Weirdness & Mutations

You do not eat or drink.
Your flesh is vulnerable to fire.
You are immune to poison.
Your flesh is cold resistant. (rC+)
You are immune to negative energy. (rN+++)
You are immune to unholy pain and torment.
You can survive without breathing.


Message History

The adder is almost dead.
The adder closely misses you.
You barely miss the adder.
The adder is almost dead.
The adder barely misses you. The adder closely misses you.
You hit the adder.
The adder is almost dead.
The adder closely misses you.
You closely miss the adder.
The adder is almost dead.
The adder misses you.
You hit the adder.
You kill the adder!
No target in view!
No target in view!
No target in view!
You start resting.
HP restored.
Health restored: 42 You see here a ration.
There is an escape hatch in the ceiling here.
You see here a +0 club.
Things that are here:
a +0 whip; a +0 club; an orc skeleton
There is a stone staircase leading down here.
You climb downwards.
Level annotation: 1 runed translucent door, Crazy Yiuf, Grinder
There is a stone staircase leading up here.
You start waiting.
Done waiting.
Unknown command.
You start waiting.
Done waiting.
You start waiting.
The orc is too close now for your liking.
The orc shouts!
The orc hits you with a +0 flail!
You take 9 damage, and have 33/42 hp.
MASSIVE DAMAGE!!
You hit the orc.
The orc is moderately wounded.
The orc hits you with a +0 flail!
You take 8 damage, and have 25/42 hp.
You are too injured to fight recklessly!
You are too injured to fight recklessly!
You hit the orc but do no damage.
The orc is moderately wounded.
The orc hits you with a +0 flail!
You take 7 damage, and have 18/42 hp.
You hit the orc but do no damage.
The orc is moderately wounded.
The orc completely misses you.
You barely miss the orc.
The orc is moderately wounded.
You hit the orc but do no damage.
The orc is moderately wounded.
The orc misses you.
You hit the orc but do no damage.
The orc is moderately wounded.
The orc closely misses you.
You hit the orc but do no damage.
The orc is moderately wounded.
The orc hits you but does no damage.
You hit the orc.
The orc is heavily wounded.
The orc hits you but does no damage.
You hit the orc but do no damage.
The orc is heavily wounded.
You hit the orc but do no damage.
The orc is heavily wounded.
The orc hits you with a +0 flail!
* * * LOW HITPOINT WARNING * * *
You take 8 damage, and have 11/42 hp.
You hit the orc.
The orc is severely wounded.
The orc closely misses you.
You hit the orc.
The orc is almost dead.
The orc barely misses you.
You hit the orc but do no damage.
The orc is almost dead.
You hit the orc but do no damage.
The orc is almost dead.
The orc hits you but does no damage.
You closely miss the orc.
The orc is almost dead.
The orc barely misses you.
You hit the orc but do no damage.
The orc is almost dead.
The orc misses you.
You hit the orc but do no damage.
The orc is almost dead.
The orc hits you with a +0 flail!
* * * LOW HITPOINT WARNING * * *
You take 9 damage, and have 3/42 hp.
MASSIVE DAMAGE!!
You hit the orc but do no damage.
The orc is almost dead.
You hit the orc but do no damage.
The orc is almost dead.
The orc hits you with a +0 flail.
You die...

...#.##......##........# #.....#
.....##..........###...# #######
#######....#.##[.##..<.##########
#....#.##........##.....[..
#######....#.###.##.##[##.#.##.#.
#......####.......#
..<........####.#...###
...######.[.....#...#### ...#
###.####.........# ...#
#.....##.##.#..#.#


You could see an orc and a rat.

Vanquished Creatures
  An orc priest (D:2)
  Jessica (D:3)
  5 adders
  2 oozes
  A worm (D:3)
  A dart slug (D:2)
  A leopard gecko (D:3)
  5 orcs
  A ball python (D:1)
  4 giant cockroaches
  4 goblins
  8 hobgoblins
  3 jackals (D:2)
  4 kobolds
  A quokka (D:3)
  8 bats
  6 frilled lizards
  6 rats
62 creatures vanquished.

Vanquished Creatures (others)
  A bat (D:2)
1 creature vanquished.

Grand Total: 63 creatures vanquished

Notes
Turn   | Place    | Note
-------+----------+-------------------------------------------
     0 | D:1      | Mgcat the Mummy Monk began the quest for the Orb.
     0 | D:1      | Reached XP level 1. HP: 18/18 MP: 1/1
   193 | D:1      | Reached skill level 2 in Stealth
   233 | D:1      | Reached XP level 2. HP: 24/24 MP: 2/2
   496 | D:1      | HP: 3/24 [ooze (4)]
  1244 | D:2      | Reached XP level 3. HP: 24/29 MP: 3/3
  1341 | D:2      | Found an ornate altar of the Wu Jian Council.
  2093 | D:3      | Noticed Jessica
  2156 | D:3      | Reached XP level 4. HP: 27/35 MP: 4/4
  2304 | D:3      | Reached skill level 3 in Stealth
  2384 | D:3      | Found a runed translucent door.
  2385 | D:3      | Noticed Crazy Yiuf
  2449 | D:3      | Reached skill level 3 in Unarmed Combat
  2799 | D:3      | Noticed Grinder
  3039 | D:2      | Reached skill level 4 in Fighting
  3298 | D:3      | Killed Jessica
  3298 | D:3      | Reached XP level 5. HP: 35/42 MP: 5/5
  4080 | D:3      | HP: 3/42 [orc/+0 flail (9)]
  4082 | D:3      | Slain by an orc

Levels and vault maps discovered:
D:1:      kennysheep_arrival_seaside, layout_rooms, minmay_fountain_box
D:2:      layout_rooms, lemuel_crystal_altar, first_ration
D:3:      layout_loops_cross, minmay_misc_feat_roman, uniq_grinder,
          uniq_jessica, uniq_crazy_yiuf_cottage

Skill      XL: |  1  2  3  4 |
---------------+-------------+-----
Stealth        | 2 3 |  3.0
Unarmed Combat | 3 |  3.5
Fighting       | 4 |  4.3
Dodging        | |  2.4

Action                   |  1- 3 |  4- 6 || total
-------------------------+-------+-------++-------
Melee: Unarmed           |   198 |   137 ||   335
       Punch             |     2 |       ||     2
  Use: Scroll            |     4 |     3 ||     7
 Stab: Sleeping          |     3 |     5 ||     8
Armor: Robe              |    25 |       ||    25
       Skin              |    32 |    21 ||    53
Dodge: Dodged            |   159 |    81 ||   240

Table legend:
 A = Non-vault XP
 B = Vault XP
 C = Vault XP percentage of total XP
 D = Non-vault monster count
 E = Vault monster count
 F = Vault count percentage of total count
                 A         B        C        D         E       F
            +---------+---------+-------+---------+---------+-------
      Total |     219 |      37 |  14.5 |      61 |       1 |   1.6
            +---------+---------+-------+---------+---------+-------
        D:1 |      28 |       0 |   0.0 |      15 |       0 |   0.0
        D:2 |     121 |       0 |   0.0 |      24 |       0 |   0.0
        D:3 |      70 |      37 |  34.6 |      22 |       1 |   4.3
            +---------+---------+-------+---------+---------+-------

Levels and vault maps discovered:
D:1:      kennysheep_arrival_seaside, layout_rooms, minmay_fountain_box
D:2:      layout_rooms, lemuel_crystal_altar, first_ration
D:3:      layout_loops_cross, minmay_misc_feat_roman, uniq_grinder,
          uniq_jessica, uniq_crazy_yiuf_cottage

Table legend:
 A = Turns spent in this place as a percentage of turns spent in the entire game.
 B = Non-inter-level travel turns spent in this place as a percentage of non-inter-level travel turns spent in the entire game.
 C = Inter-level travel turns spent in this place as a percentage of turns spent in this place.
 D = Turns resting spent in this place as a percentage of non-inter-level travel turns spent in this place.
 E = Turns spent auto-exploring this place as a percentage of non-inter-level travel turns spent in this place.
 F = Non-inter-level travel turns spent in this place divided by the number of levels of this place that you've seen.
                   A       B       C       D       E      F
               +-------+-------+-------+-------+-------+----------------------
         Total | 100.0 | 100.0 |   4.9 |  41.9 |  38.8 | 1294.3
       Dungeon | 100.0 | 100.0 |   4.9 |  41.9 |  38.8 | 1294.3
               +-------+-------+-------+-------+-------+----------------------

Table legend:
 A = Kills in this place as a percentage of kills in entire the game.
 B = Kills by you in this place as a percentage of kills by you in the entire game.
 C = Kills by friends in this place as a percentage of kills by friends in the entire game.
 D = Other kills in this place as a percentage of other kills in the entire game.
 E = Experience gained in this place as a percentage of experience gained in the entire game.
 F = Experience gained in this place divided by the number of levels of this place that you have seen.
                   A       B       C       D       E      F
               +-------+-------+-------+-------+-------+----------------------
         Total | 100.0 | 100.0 |   N/A |   N/A | 100.0 |  85.3
       Dungeon | 100.0 | 100.0 |   N/A |   N/A | 100.0 |  85.3
               +-------+-------+-------+-------+-------+----------------------
